 Dungeon Crawl Stone Soup version 0.23.2-40-g277498a (webtiles) character file.

Game seed: 13003669738579607658

169 Fang the Skirmisher (level 5, -3/34 HPs)
             Began as a Gargoyle Berserker on Oct 18, 2019.
             Was a Believer of Trog.
             Slain by an orc priest
             ... wielding a +0 trident
              (6 damage)
             ... on level 3 of the Dungeon.
             The game lasted 00:02:59 (2334 turns).

Fang the Skirmisher (Gargoyle Berserker)            Turns: 2334, Time: 00:03:00

Health: -3/34      AC:  6    Str: 22    XL:     5   Next: 50%
Magic:  5/5        EV: 12    Int:  7    God:    Trog [**....]
Gold:   96         SH:  0    Dex:  9    Spells: 4/4 levels left

rFire    . . .     SeeInvis .   a - +0 hand axe
rCold    . . .     Gourm    .   (no shield)
rNeg     + . .     Faith    .   b - +0 animal skin
rPois    ∞         Spirit   .   (no helmet)
rElec    +         Reflect  .   (no cloak)
rCorr    .         Harm     .   (no gloves)
MR       .....                  (no boots)
Stlth    +.........             (no amulet)
HPRegen  0.11/turn              (no ring)
MPRegen  0.09/turn              (no ring)

@: confused, berserk cooldown, slowed, very slow
A: negative energy resistance 1, electricity resistance, unbreathing,
petrification resistance, rot immunity, AC +4
a: Berserk, Trog's Hand, Renounce Religion


You were on level 3 of the Dungeon.
You worshipped Trog.
Trog was pleased with you.
You were hungry.

You visited 1 branch of the dungeon, and saw 3 of its levels.

You collected 96 gold pieces.

Inventory:

Hand Weapons
 a - a +0 hand axe (weapon)
Armour
 b - a +0 animal skin (worn)
Scrolls
 e - 6 scrolls of identify {unknown}
 g - a scroll of enchant armour {unknown}
 h - a scroll of remove curse {unknown}
 j - a scroll of teleportation {unknown}
 k - 4 scrolls of blinking {unknown}
 l - a scroll of amnesia {unknown}
 o - a scroll of fear {unknown}
 p - a scroll of noise {unknown}
Potions
 f - a potion of degeneration {unknown}
 i - a potion of lignification {unknown}
 m - a potion of brilliance {unknown}
 n - a potion of curing {unknown}
 q - a potion of might {unknown}
 r - a potion of heal wounds {unknown}
Comestibles
 c - 6 rations
 d - 5 chunks of flesh


   Skills:
 + Level 4.3 Fighting
 + Level 3.5 Axes
 + Level 3.5 Armour
 + Level 2.6 Dodging


You had 4 spell levels left.
You didn't know any spells.
Your spell library was empty.

Dungeon Overview and Level Annotations

Branches:
Dungeon (3/15)

Altars:
Nemelex Xobeh


Innate Abilities, Weirdness & Mutations

You are resistant to torment.
Your stone body is resilient. (AC +4)
You are immune to poison.
You resist negative energy. (rN+)
You are resistant to electric shocks. (rElec)
You can survive without breathing.
You are immune to petrification.
You are immune to rotting.


Message History

The orc priest hits you from afar with a +0 trident.
* * * LOW HITPOINT WARNING * * *
You hear some strange, mumbled words.
You are confused.
The orc priest closely misses you. The bat hits you but does no damage.
The orc priest closely misses you. The orc priest barely misses you.
Some of the chunks of flesh in your inventory have rotted away.
You miss the orc priest.
The orc priest is severely wounded.
You closely miss something. You closely miss the bat. The bat misses you.
The bat hits you but does no damage.
The orc priest looks encouraged for a moment.
Something hits you but does no damage. The bat barely misses you.
The orc priest barely misses you. The orc priest closely misses you.
Something hits you but does no damage. The bat hits you.
* * * LOW HITPOINT WARNING * * *
The orc priest hits you with a +0 trident.
You die...

#...# #...####### ..$
#.....>...# ....
#...#####.# ..########
.........÷### ##........##
............# #..........#
..........#.###..........$
#...#####.#.#............⌠
#.........#.#.#.@........$
#...#######.#.#.oo)......#
#...# #.#.b.........##
...# #...=..########
###.##...... #......### #
#....#.# . ####.#.# #...#


You could see 2 orc priests and a bat.

Vanquished Creatures
  An orc wizard (D:3)
  Ijyb (D:3)
  Jessica (D:3)
  3 gnolls (D:3)
  An adder (D:3)
  A dart slug (D:2)
  A leopard gecko (D:1)
  6 orcs
  3 bats
  2 giant cockroaches
  4 goblins
  5 hobgoblins
  3 quokkas
  A ball python (D:1)
  A frilled lizard (D:1)
  4 kobolds (D:3)
  5 rats
43 creatures vanquished.

Notes
Turn   | Place    | Note
-------+----------+-------------------------------------------
     0 | D:1      | Fang the Gargoyle Berserker began the quest for the Orb.
     0 | D:1      | Reached XP level 1. HP: 14/14 MP: 1/1
   447 | D:1      | Reached XP level 2. HP: 19/19 MP: 2/2
   902 | D:2      | Found a sparkling altar of Nemelex Xobeh.
  1450 | D:3      | Reached XP level 3. HP: 23/23 MP: 3/3
  1520 | D:3      | Noticed Ijyb
  1522 | D:3      | Reached ** piety under Trog
  1522 | D:3      | Reached XP level 4. HP: 29/29 MP: 4/4
  1877 | D:3      | Killed Ijyb
  1877 | D:3      | Reached skill level 4 in Fighting
  1918 | D:3      | Reached XP level 5. HP: 17/33 MP: 5/5
  2194 | D:3      | Noticed Jessica
  2210 | D:3      | Killed Jessica
  2334 | D:3      | Slain by an orc priest

Skill      XL: |  1  2  3  4 |
---------------+-------------+-----
Axes           | 3 |  3.5
Dodging        | 2 |  2.6
Armour         | 3 |  3.5
Fighting       | 4 |  4.3

Action                   |  1- 3 |  4- 6 || total
-------------------------+-------+-------++-------
Melee: Hand axe          |    84 |    64 ||   148
       Unarmed           |       |     4 ||     4
Invok: Berserk           |     1 |     2 ||     3
       Trog's Hand       |       |     1 ||     1
 Stab: Sleeping          |     1 |       ||     1
  Eat: Chunk             |     2 |     5 ||     7
Armor: Animal skin       |    24 |    32 ||    56
       Skin              |       |    25 ||    25
Dodge: Dodged            |    64 |    86 ||   150
